 Dungeon Crawl Stone Soup version 0.30-a0-782-ge64f9170bb (webtiles) character file.

Game seed: 2689461313159681563

154 Barriton the Conjurer (level 5, -2/38 HPs)
             Began as a Draconian Conjurer on Feb 22, 2023.
             Slain by a gnoll
             ... wielding a +0 club
              (7 damage)
             ... on level 2 of the Dungeon.
             The game lasted 00:03:58 (1698 turns).

Barriton the Conjurer (Draconian Conjurer)          Turns: 1698, Time: 00:03:58

Health: -2/38      AC:  8    Str:  9    XL:     5   Next: 13%
Magic:  0/9        EV: 12    Int: 20    God:
Gold:   122        SH:  0    Dex: 10    Spells: 6/9 levels left

rFire   . . .      SeeInvis .    (no weapon)
rCold   . . .      Faith    .    (no shield)
rNeg    . . .      Spirit   .    (body armour unavailable)
rPois   .          Reflect  .    (helmet restricted)
rElec   .          Harm     .    (no cloak)
rCorr   .          Rampage  .    (no gloves)
Will    .....                    e - +2 pair of boots
Stlth   ++                       (no amulet)
HPRegen 0.26/turn                (no ring)
MPRegen 0.11/turn                (no ring)

@: no status effects
A: AC +5, unfitting armour, cold-blooded
a: no special abilities


You were on level 2 of the Dungeon.
You visited 1 branch of the dungeon, and saw 2 of its levels.

You collected 122 gold pieces.

Inventory:

Missiles
 a - a throwing net
Armour
 b - a +0 pair of gloves
 e - a +2 pair of boots (worn)
Scrolls
 c - 2 scrolls of identify
 f - a scroll of poison {unknown}
 g - a scroll of vulnerability {unknown}
 h - 2 scrolls of teleportation {unknown}
Potions
 d - a potion of might
 i - a potion of mutation {unknown}
 j - 2 potions of heal wounds {unknown}


   Skills:
 + Level 2.3 Dodging
 + Level 1.9 Stealth
 + Level 0.2 Unarmed Combat
 + Level 2.7 Spellcasting
 + Level 5.7 Conjurations


You had 6 spell levels left.
You knew the following spells:

 Your Spells              Type           Power      Damage    Failure   Level
a - Magic Dart            Conj           100%       1d8       1%          1
b - Searing Ray           Conj           50%        2d6       1%          2

Your spell library contained the following spells:

 Spells                   Type           Power      Damage    Failure   Level
 Dazzling Flash           Conj/Hex       28%        N/A       14%         3
 Fulminant Prism          Conj/Hex       7%         3d6       41%         4
 Iskenderun's Mystic Bla  Conj/Tloc      14%        2d5       41%         4


Dungeon Overview and Level Annotations

Branches:
Dungeon (2/15)

Altars:


Innate Abilities, Weirdness & Mutations

Your plain brown scales are hard. (AC +5)
You cannot fit into any form of body armour.
You are cold-blooded and may be slowed by cold attacks.


Message History

The gnoll closely misses you.
You hit the gnoll but do no damage.
The gnoll is moderately wounded.
The gnoll hits you with a +0 club.
Your magical contamination has completely faded away.
You hit the gnoll.
The gnoll is moderately wounded.
The gnoll hits you with a +0 club.
You hit the gnoll but do no damage.
The gnoll is moderately wounded.
The gnoll hits you with a +0 club.
You barely miss the gnoll.
The gnoll is moderately wounded.
The gnoll hits you with a +0 club.
* * * LOW HITPOINT WARNING * * *
You closely miss the gnoll.
The gnoll is moderately wounded.
The gnoll hits you but does no damage.
You hit the gnoll but do no damage.
The gnoll is moderately wounded.
The gnoll hits you with a +0 club.
* * * LOW HITPOINT WARNING * * *
You closely miss the gnoll.
You tail-slap the gnoll, but do no damage.
The gnoll is moderately wounded.
The gnoll hits you with a +0 club.
* * * LOW HITPOINT WARNING * * *
Casting: Magic Dart (safe; 1% risk of failure)
Confirm with . or Enter, or press ? or * to list all spells.
Aiming: Searing Ray (safe; 1% risk of failure)
Press: ? - help, Shift-Dir - straight line, f/p - gnoll
Aim: a gnoll, wielding a +0 club (moderately wounded, 82% to hit)
The searing ray misses the gnoll. (Press . to maintain the ray.)
The gnoll hits you with a +0 club.
* * * LOW HITPOINT WARNING * * *
The searing ray hits the gnoll!
The gnoll is almost dead.
The gnoll hits you with a +0 club!
You die...

..#.#.............>..#
#
..#.#....#...........#
#
..#.##...#..........)#
#
..#.##...')..........#
#
.....†..##...........#
#
..).....##...........#
#
......#..+..).....<..#
#
......####......g....#
# ##.... #######@#####
# #.... #..# # #....
##.# ########### ...
#.## #....##.... #..#
#....##.... ##.#
#....##.... #.#
#..÷.##.... #####.#
#....##....
#.....####....##....


You could see a gnoll.

Vanquished Creatures
  Jessica (D:2)
  6 gnolls (D:2)
  3 adders (D:2)
  A worm (D:2)
  2 dart slugs
  2 ball pythons (D:1)
  6 bats
  3 endoplasms
  2 giant cockroaches (D:1)
  3 goblins
  2 jackals (D:2)
  3 frilled lizards
  4 kobolds
  3 rats
41 creatures vanquished.

Notes
Turn   | Place    | Note
-------+----------+-------------------------------------------
     0 | D:1      | Barriton the Draconian Conjurer began the quest for the
                  | Orb.
     0 | D:1      | Reached XP level 1. HP: 14/14 MP: 3/3
   343 | D:1      | Reached XP level 2. HP: 20/20 MP: 3/5
   828 | D:2      | Noticed Jessica
   834 | D:1      | Learned a level 2 spell: Searing Ray
  1050 | D:2      | Reached XP level 3. HP: 26/26 MP: 0/6
  1202 | D:2      | Reached skill level 5 in Conjurations
  1226 | D:2      | Reached XP level 4. HP: 14/33 MP: 0/7
  1347 | D:2      | Killed Jessica
  1648 | D:2      | Reached XP level 5. HP: 38/38 MP: 2/9
  1698 | D:2      | Slain by a gnoll

Illustrated notes

Levels and vault maps discovered:
D:1:      roderic_octagonal_star, layout_basic
D:2:      layout_basic, uniq_jessica

Skill      XL: |  1  2  3 |
---------------+----------+-----
Dodging        | 2 |  2.3
Conjurations   | 5 |  5.7
Stealth        | |  1.9
Unarmed Combat | |  0.2
Spellcasting   | |  2.7

Action                     |  1- 3 |  4- 6 || total
---------------------------+-------+-------++-------
  Melee: Unarmed           |    50 |    58 ||   108
         Punch             |     1 |       ||     1
         Tailslap          |     9 |    14 ||    23
   Cast: Magic Dart        |    53 |    20 ||    73
         Searing Ray       |     3 |     4 ||     7
    Use: Scroll            |     1 |       ||     1
         Potion            |     1 |       ||     1
 Armour: Skin              |    19 |    10 ||    29
  Dodge: Dodged            |    44 |    22 ||    66

Table legend: (Time is in decaauts)
 A = Elapsed time spent in this place.
 B = Non-inter-level travel time spent in this place.
 C = Inter-level travel time spent in this place.
 D = Time resting spent in this place.
 E = Time spent auto-exploring this place.
 F = Levels seen in this place.
 G = Mean time per level.
                   A        B        C        D        E       F      G
               +--------+--------+--------+--------+--------+-----+--------+
         Total |   1700 |   1663 |     37 |      0 |   1311 |   2 |  850.0 |
       Dungeon |   1700 |   1663 |     37 |      0 |   1311 |   2 |  850.0 |
               +--------+--------+--------+--------+--------+-----+--------+

Top non-repeatable levels by time:
     D:1: 870 daAuts
     D:2: 829 daAuts
